 Dungeon Crawl Stone Soup version 0.24.0-13-gcf9b3192b9 (webtiles) character file.

Game seed: 7562925693616732827, levelgen mode: deterministic

93 Arixos the Skirmisher (level 4, -3/35 HPs)
             Began as a Mummy Abyssal Knight on Nov 7, 2019.
             Was a Believer of Lugonu.
             Slain by a worker ant zombie (4 damage)
             ... on level 2 of the Dungeon.
             The game lasted 00:05:02 (1603 turns).

Arixos the Skirmisher (Mummy Abyssal Knight)        Turns: 1603, Time: 00:05:02

Health: -3/35      AC:  4    Str: 19    XL:     4   Next: 37%
Magic:  5/5        EV: 12    Int: 11    God:    Lugonu [**....]
Gold:   80         SH:  0    Dex: 11    Spells: 3/3 levels left

rFire    x . .     SeeInvis .   a - +1 falchion
rCold    + . .     Gourm    .   (no shield)
rNeg     + + +     Faith    .   b - +0 leather armour
rPois    ∞         Spirit   .   (no helmet)
rElec    .         Reflect  .   (no cloak)
rCorr    .         Harm     .   g - +0 pair of gloves {Str+3}
MR       .....                  (no boots)
Stlth    +.........             (no amulet)
HPRegen  0.11/turn              (no ring)
MPRegen  0.09/turn              (no ring)

@: no status effects
A: no food or potions, fire vulnerability, cold resistance 1, negative energy
resistance 3, torment resistance, unbreathing
a: Depart the Abyss, Bend Space, Renounce Religion


You were on level 2 of the Dungeon.
You worshipped Lugonu.
Lugonu was pleased with you.
You were not hungry.

You visited 1 branch of the dungeon, and saw 2 of its levels.
You visited the Abyss 1 time.

You collected 80 gold pieces.

Inventory:

Hand Weapons
 a - a +1 falchion (weapon)
Armour
 b - a +0 leather armour (worn)
 g - a +0 pair of gloves of strength (worn)
Scrolls
 c - a scroll of amnesia {unknown}
 d - a scroll of fear {unknown}
 e - 2 scrolls of remove curse {unknown}
 f - a scroll of enchant weapon {unknown}


   Skills:
 + Level 3.5 Fighting
 + Level 2.1 Long Blades
 + Level 2.2 Armour
 + Level 1.7 Dodging
 + Level 2.2 Invocations


You had 3 spell levels left.
You didn't know any spells.
Your spell library was empty.

Dungeon Overview and Level Annotations

Branches:
Dungeon (2/15)

Altars:


Innate Abilities, Weirdness & Mutations

You do not eat or drink.
Your flesh is vulnerable to fire.
You are immune to poison.
Your flesh is cold resistant. (rC+)
You are immune to negative energy. (rN+++)
You are immune to unholy pain and torment.
You can survive without breathing.


Message History

You hit the worker ant zombie.
The worker ant zombie is heavily damaged.
The worker ant zombie closely misses you.
You riposte.
You barely miss the worker ant zombie.
The worker ant zombie is heavily damaged.
The kobold misses you.
You hit the worker ant zombie.
The worker ant zombie is heavily damaged.
The worker ant zombie closely misses you.
The kobold hits you but does no damage. The worker ant zombie bites you.
* * * LOW HITPOINT WARNING * * *
Unknown command.
You barely miss the worker ant zombie.
The worker ant zombie is heavily damaged.
The kobold completely misses you.
The worker ant zombie bites you but does no damage.
You hit the worker ant zombie.
The worker ant zombie is heavily damaged.
The kobold barely misses you. The worker ant zombie bites you.
You die...

#.......# #....?..#
.......## # .......#.# #
# #P..PP#.#.# #.#.
#P$$$P....
###...##PK"$.#
.......#@$$$P###########
.......ZPPPP.?....%....+
.......##.##.#######.###
...........#.# #.#
..#####......# #.# .
#....... #.# ###.#....
#.# #.#.... #.# # #....
#.#


You could see a worker ant zombie and a kobold.

Vanquished Creatures
  4 adders (D:2)
  An ufetubus (Abyss:1)
  A dart slug (D:1)
  3 leopard geckos
  5 goblins
  9 hobgoblins (D:1)
  6 jackals
  A quokka (D:2)
  2 bats (D:1)
  2 frilled lizards (D:1)
  5 kobolds
  9 rats
48 creatures vanquished.

Vanquished Creatures (others)
  2 fungi (D:2)
  3 toadstools (D:2)
5 creatures vanquished.

Grand Total: 53 creatures vanquished

Notes
Turn   | Place    | Note
-------+----------+-------------------------------------------
     0 | Abyss:1  | Arixos the Mummy Abyssal Knight began the quest for the
                  | Orb.
     0 | Abyss:1  | Reached XP level 1. HP: 18/18 MP: 2/2
    43 | Abyss:1  | Noticed an ancient zyme
    78 | Abyss:1  | Noticed a small abomination
   101 | Abyss:1  | Noticed a thrashing horror
   104 | Abyss:1  | Noticed a large abomination
   105 | D:1      | Escaped the Abyss
   248 | D:1      | Reached skill level 1 in Dodging
   251 | D:1      | Reached XP level 2. HP: 20/24 MP: 3/3
   487 | D:1      | Reached * piety under Lugonu
  1059 | D:1      | Reached XP level 3. HP: 29/29 MP: 4/4
  1513 | D:2      | Reached XP level 4. HP: 33/35 MP: 5/5
  1580 | D:2      | Reached ** piety under Lugonu
  1601 | D:2      | HP: 1/35 [worker ant zombie (1)]
  1603 | D:2      | Slain by a worker ant zombie

Levels and vault maps discovered:
D:1:      dpeg_cavernosity, layout_basic, serial_curves, eino_curves_04,
          eino_curves_02, minmay_misc_feat_chi, chequers_serial_rivers_micro_e
D:2:      layout_basic, nicolae_overflow_crystal_walls, first_ration,
          minmay_gold_behind_fungi

Skill      XL: |  1  2  3 |
---------------+----------+-----
Dodging        | 1 |  1.7
Invocations    | 2 |  2.2
Armour         | 2 |  2.2
Long Blades    | 2 |  2.1
Fighting       | |  3.5

Action                   |  1- 3 |  4- 6 || total
-------------------------+-------+-------++-------
Melee: Falchion          |   103 |    31 ||   134
Invok: Depart the Abyss  |     1 |       ||     1
 Stab: Sleeping          |     1 |       ||     1
Armor: Leather armour    |    31 |    13 ||    44
Dodge: Dodged            |    67 |    22 ||    89
       Rpst.: Falchion   |    23 |     8 ||    31
